 Dungeon Crawl Stone Soup version 0.17-a0-2014-g32cd421 (webtiles) character file.

4178 tp1 the Fighter (level 10, -5/99 HPs)
             Began as a Gargoyle Berserker on Oct 9, 2015.
             Was a High Priest of Trog.
             Slain by a ten-headed hydra (9 damage)
             ... on level 8 of the Dungeon.
             The game lasted 00:40:04 (6697 turns).

tp1 the Fighter (Gargoyle Berserker)                Turns: 6697, Time: 00:40:05

Health: -5/99      AC: 21    Str: 30    XL:     10   Next: 28%
Magic:  10/10      EV:  8    Int:  7    God:    Trog [*****.]
Gold:   534        SH:  0    Dex: 12    Spells: 0 memorised, 9 levels left

rFire  . . .     SeeInvis .     Y - +0 battleaxe
rCold  . . .     Clarity  .     S - +0 plate armour
rNeg   + . .     SustAt   .     (no shield)
rPois  ∞         Gourm    .     (no helmet)
rElec  +         Spirit   .     (no cloak)
rCorr  .         Warding  .     (no gloves)
rMut   .         Stasis   .     i - -1 pair of boots (curse)
MR     .....                    w - amulet of faith
Stlth  ..........               (no ring)
                                d - +3 ring of strength

@: berserking, very quick, not resistant to hostile enchantments, extremely
unstealthy
A: negative energy resistance 1, electricity resistance, unbreathing,
petrification resistance, rot immunity, AC +7
a: Burn Spellbooks, Berserk, Trog's Hand, Brothers in Arms, Renounce Religion


You were on level 8 of the Dungeon.
You worshipped Trog.
Trog was extremely pleased with you.
You were not hungry.

You visited 1 branch of the dungeon, and saw 8 of its levels.
You also visited: Sewer, Ossuary and Bailey.

You collected 534 gold pieces.

Inventory:

Hand Weapons
 D - a +0 morningstar of holy wrath
 V - a +2 antimagic war axe
 Y - a +0 battleaxe (weapon)
Armour
 i - a cursed -1 pair of boots (worn)
 n - a +0 pair of boots
 S - a +0 plate armour (worn)
Jewellery
 d - a +3 ring of strength (left hand)
 w - an amulet of faith (around neck)
Wands
 a - a wand of disintegration (16)
 r - a wand of fireball (0)
 y - a wand of polymorph (16)
 z - a wand of magic darts (26)
 U - a wand of slowing (20)
Scrolls
 h - 15 scrolls of identify
 s - 2 scrolls of fear
 u - a scroll of blinking
 B - 2 scrolls of teleportation
 C - 2 scrolls of enchant armour {unknown}
 E - 4 scrolls of enchant weapon
 N - a scroll of holy word {unknown}
 O - 2 scrolls of random uselessness {unknown}
 Q - a scroll of silence {unknown}
 R - a scroll of remove curse
 T - a scroll of noise {unknown}
 X - a scroll of fog
Potions
 e - 3 potions of mutation {unknown}
 g - 5 potions of ambrosia {unknown}
 k - 6 potions of flight {unknown}
 l - 6 potions of curing {unknown}
 o - 2 potions of haste {unknown}
 t - a potion of lignification {unknown}
 x - a potion of poison {unknown}
 G - 2 potions of degeneration {unknown}
 H - a potion of agility {unknown}
 I - 2 potions of might {unknown}
 J - a potion of cure mutation {unknown}
 K - a potion of invisibility {unknown}
 L - a potion of berserk rage {unknown}
 M - a potion of resistance {unknown}
 W - 2 potions of cancellation {unknown}
Books
 F - a book of Power

   Spells                             Type                      Level
   a - Fulminant Prism                Conjuration/Hexes            4
   b - Iskenderun's Mystic Blast      Conjuration                  4
   c - Venom Bolt                     Conjuration/Poison           5
   d - Bolt of Magma                  Conjuration/Fire/Earth       5
   e - Iron Shot                      Conjuration/Earth            6
   f - Orb of Destruction             Conjuration                  7
   g - Spellforged Servitor           Conjuration/Summoning        7
   Trog disapproves of the use of such an item.
Comestibles
 b - 3 chunks of flesh
 c - 9 bread rations
 f - 2 royal jellies
 j - 7 slices of pizza
 m - 12 fruits
 p - 5 meat rations
 q - 3 beef jerkies


   Skills:
 - Level 9.0 Fighting
 - Level 5.7(7.5) Axes
 - Level 8.1(9.1) Maces & Flails
 + Level 8.4 Armour
 - Level 2.0 Dodging
 - Level 0.1 Evocations


You had 9 spell levels left.
You didn't know any spells.

Dungeon Overview and Level Annotations

Branches:
Dungeon (8/15)             Temple (0/1) D:5
   Lair: D:8-11

Altars:
Dithmenos
Elyvilon
Nemelex Xobeh
Okawaru
Qazlal
Trog
The Shining One


Innate Abilities, Weirdness & Mutations

You are resistant to torment.
Your stone body is resilient (AC +7).
You are immune to poison.
You resist negative energy.
You are resistant to electric shocks.
You can survive without breathing.
You are immune to petrification.
You are immune to rotting.


Message History

The nine-headed hydra bites you but does no damage.
The nine-headed hydra bites you.
* * * LOW HITPOINT WARNING * * *
The nine-headed hydra bites you.
* * * LOW HITPOINT WARNING * * *
The nine-headed hydra bites you.
* * * LOW HITPOINT WARNING * * *
The nine-headed hydra bites you but does no damage. x2
The nine-headed hydra closely misses you.
The nine-headed hydra bites you but does no damage.
The nine-headed hydra bites you.
* * * LOW HITPOINT WARNING * * *
You lop one of the nine-headed hydra's heads off!
The eight-headed hydra grows two more!
You slice the ten-headed hydra!!
The ten-headed hydra is almost dead.
The ten-headed hydra bites you but does no damage.
The ten-headed hydra barely misses you. The ten-headed hydra bites you!
* * * LOW HITPOINT WARNING * * *
The ten-headed hydra bites you!
You die...

#...........#### #.##.######.##..
# #.##.######.##.# ..
##########............... #.##+#
#.....#..#........##.#...
#.....###≈....'..#.##.###.##.#..#
#.......#..P..'..#.##.#....[.....
#........≈÷...'..#.##............
#......##.)...#.@#........##.#.##
.......##≈)P≈P##D####.#.####.#.#
........#P≈≈≈≈#.K#...........#.#
.#####.##PP≈P.+).####.....<....#
+##....########### #..#.###....##
..#....#........# #.............
..#....#........# #....##..##.##
..#....#........## #....##).##'##
..'...).......##.# #....##.......


You could see a ten-headed hydra and a big kobold.

Vanquished Creatures
  A hill giant (D:7)
  The ghost of Alipheese the Stinger, a novice NaVM of Qazlal (D:4)
  A troll (D:8)
  2 yaks (D:8)
  A hippogriff (D:4)
  An ice beast (D:8)
  A phantom (D:4)
  4 orc warriors
  4 ogres
  2 black bears
  3 centaurs
  A gnoll sergeant (D:6)
  A giant frog (D:6)
  2 big kobolds (D:8)
  3 water moccasin zombies (Ossuary)
  A scorpion (D:5)
  3 wights (D:6)
  3 crimson imps
  4 hounds
  A giant frog skeleton (D:5)
  2 orc priests
  3 orc wizards
  2 iguanas
  2 worker ants
  2 sheep (D:8)
  A big kobold zombie (Ossuary)
  2 mummies (Ossuary)
  14 adders
  2 river rats (D:4)
  2 oozes
  2 adder skeletons
  4 adder zombies (Ossuary)
  6 worms
  6 giant geckos
  15 orcs
  A ball python (D:1)
  12 bats
  5 giant cockroaches
  4 gnoll zombies (Ossuary)
  10 goblins
  6 hobgoblins
  9 kobolds
  A giant gecko skeleton (D:4)
  4 giant newts
  6 hobgoblin zombies (Ossuary)
  9 jackals
  A jackal skeleton (D:4)
  8 kobold zombies (Ossuary)
  6 orc zombies (Ossuary)
  4 quokkas
  12 rats
203 creatures vanquished.

Notes
Turn   | Place    | Note
--------------------------------------------------------------
     0 | D:1      | tp1 the Gargoyle Berserker began the quest for the Orb.
     0 | D:1      | Reached XP level 1. HP: 14/14 MP: 1/1
   442 | D:1      | Reached XP level 2. HP: 17/19 MP: 2/2
   850 | D:2      | Reached XP level 3. HP: 10/23 MP: 3/3
  1173 | D:2      | Reached skill level 4 in Armour
  1292 | D:2      | Acquired Trog's second power
  1365 | D:2      | Reached XP level 4. HP: 24/28 MP: 4/4
  2479 | D:3      | Reached XP level 5. HP: 32/32 MP: 5/5
  2898 | D:4      | Noticed Alipheese's ghost (novice NaVM)
  2910 | D:4      | Killed Alipheese's ghost
  2910 | D:4      | Reached skill level 6 in Fighting
  2910 | D:4      | Reached XP level 6. HP: 42/42 MP: 6/6
  2910 | D:4      | Reached XP level 7. HP: 47/47 MP: 7/7
  2911 | D:4      | Noticed a hippogriff
  2918 | D:4      | Killed a hippogriff
  2918 | D:4      | Reached skill level 7 in Fighting
  2964 | D:4      | Found a sparkling altar of Nemelex Xobeh.
  2969 | D:4      | Noticed a phantom
  2990 | D:4      | Killed a phantom
  3122 | D:4      | Reached skill level 8 in Fighting
  3152 | D:4      | Found a glowing drain.
  3244 | Sewer    | Entered a sewer
  3676 | Sewer    | Acquired Trog's third power
  3910 | D:4      | Found a white marble altar of Elyvilon.
  3911 | D:4      | Found a glowing golden altar of the Shining One.
  3911 | D:4      | Found an iron altar of Okawaru.
  3914 | D:4      | Found a shadowy altar of Dithmenos.
  3915 | D:4      | Found a stormy altar of Qazlal.
  3958 | D:5      | Entered Level 5 of the Dungeon
  4026 | D:5      | Reached XP level 8. HP: 45/55 MP: 8/8
  4177 | D:5      | Found a staircase to the Ecumenical Temple.
  4236 | D:5      | Reached skill level 9 in Fighting
  4484 | D:6      | Found a sand-covered staircase.
  4499 | Ossuary  | Entered an ossuary
  4554 | Ossuary  | Reached skill level 1 in Maces & Flails
  4568 | Ossuary  | Reached skill level 5 in Axes
  5112 | D:6      | Reached XP level 9. HP: 40/60 MP: 9/9
  5181 | D:6      | Reached skill level 5 in Maces & Flails
  5708 | D:7      | Found a bloodstained altar of Trog.
  5804 | D:7      | Noticed a hill giant
  5809 | D:7      | Killed a hill giant
  5935 | D:8      | Reached skill level 5 in Armour
  6103 | D:8      | Reached XP level 10. HP: 26/66 MP: 3/10
  6286 | D:8      | Found a flagged portal.
  6299 | Bailey   | Entered a bailey
  6301 | Bailey   | Noticed an orc knight
  6685 | D:8      | Noticed a three-headed hydra
  6697 | D:8      | HP: 4/99 [ten-headed hydra (7)]
  6697 | D:8      | Slain by a ten-headed hydra

Vault maps used:
D:1:      minmay_arrival_up_and_down
D:3:      serial_co_window_serial, co_window_of_opportunity_a,
          co_window_paths_a, co_window_paths_a, co_window_corner_a,
          co_window_of_opportunity_a, co_window_corner_a,
          co_window_of_opportunity_a, co_window_of_opportunity_a,
          co_window_paths_a, co_window_corner_ca, co_window_corner_cb,
          co_window_2corner, co_window_cross_2, co_window_4corner_b,
          glass_columns_a, glass_columns_a, glass_columns_b, glass_columns_b,
          glass_columns_c
D:4:      nemelex_xobeh_ov_fountains_minmay, minitemple, gup_sewer_entry_spiral
D:5:      lemuel_temple_firewalk_marked, first_bread
D:6:      enter_ossuary_3, sword_in_stone
D:7:      basic_altar
D:8:      kennysheep_kobold_camp, enter_bailey_3, hangedman_ranch,
          grunt_ministairs_3
Sewer:    sewer_fruit_machine
Ossuary:  ossuary_tomb_2
Bailey:   bailey_polearm_4, bailey

Action                   |  1- 3 |  4- 6 |  7- 9 | 10-12 || total
-------------------------+-------+-------+-------+-------++-------
Melee: Hand axe          |    87 |   139 |   160 |       ||   386
       Morningstar       |       |       |   217 |       ||   217
       War axe           |       |       |    19 |    30 ||    49
       Battleaxe         |       |       |       |    30 ||    30
Invok: Berserk           |     1 |     1 |     5 |     2 ||     9
       Trog's Hand       |       |     1 |     4 |     1 ||     6
       Burn Spellbooks   |       |       |       |     1 ||     1
Evoke: Wand              |       |       |     2 |       ||     2
  Use: Scroll            |       |     5 |     6 |       ||    11
 Stab: Sleeping          |     1 |       |       |       ||     1
  Eat: Chunk             |     2 |     5 |    14 |     4 ||    25
       Bread ration      |       |       |     1 |       ||     1
